 Dungeon Crawl Stone Soup version 0.19.5-1-g796a6487f8 (webtiles) character file.

3861 Scion2EveryRL the Fighter (level 9, -5/85 HPs)
             Began as a Minotaur Fighter on Oct 18, 2019.
             Was an Initiate of Gozag.
             Slain by a dream sheep (24 damage)
             ... on level 8 of the Dungeon on Oct 19, 2019.
             The game lasted 00:09:10 (7551 turns).

Scion2EveryRL the Fighter (Minotaur Fighter)        Turns: 7551, Time: 00:09:10

Health: -5/85      AC: 10    Str: 24    XL:     9   Next: 99%
Magic:  8/8        EV:  8    Int:  5    God:    Gozag
Gold:   745        SH: 11    Dex: 10    Spells: 0 memorised, 8 levels left

rFire  . . .     SeeInvis .     o - +1 falchion (elec)
rCold  + . .     Gourm    .     y - +0 chain mail
rNeg   . . .     Faith    .     c - +0 shield
rPois  .         Spirit   .     (helmet restricted)
rElec  .         Reflect  .     (no cloak)
rCorr  .         Harm     .     (no gloves)
MR     .....                    (no boots)
Stlth  ..........               (no amulet)
                                t - ring of wizardry
                                h - ring of protection from cold

@: gold aura
A: retaliatory headbutt, horns 2
a: Potion Petition, Call Merchant, Bribe Branch, Renounce Religion


You were on level 8 of the Dungeon.
You worshipped Gozag.
Gozag was pleased with you.
You were not hungry.

You visited 1 branch of the dungeon, and saw 8 of its levels.
You also visited: Ossuary.

You collected 1113 gold pieces.
You spent 252 gold pieces at shops.
You paid 116 gold pieces to Gozag.

Inventory:

Hand Weapons
 a - a +0 trident
 b - a +0 blowgun
 o - a +1 falchion of electrocution (weapon)
Missiles
 F - 2 throwing nets (quivered)
Armour
 c - a +0 shield (worn)
 y - a +0 chain mail (worn)
Jewellery
 h - a ring of protection from cold (left hand)
 t - a ring of wizardry (right hand)
Wands
 j - a wand of lightning (3/15)
 p - a wand of paralysis (11/24)
Scrolls
 l - 4 scrolls of remove curse
 q - a scroll of immolation
 r - 3 scrolls of identify
 s - 2 scrolls of fear
 v - a scroll of magic mapping
 w - a scroll of recharging {unknown}
 z - 2 scrolls of amnesia
 B - 3 scrolls of enchant weapon
 K - a scroll of blinking
 L - 3 scrolls of teleportation
Potions
 d - 4 potions of might
 e - 5 potions of brilliance
 i - 4 potions of flight
 k - 2 potions of agility
 m - a potion of degeneration
 n - 3 potions of mutation
 u - a potion of cure mutation {unknown}
 x - a potion of cancellation
 C - 3 potions of lignification {unknown}
 D - 5 potions of curing {unknown}
 E - 3 potions of heal wounds {unknown}
 G - a potion of resistance {unknown}
 I - a potion of haste {unknown}
Books
 A - a book of Conjurations

   Spells                             Type                      Level
   a - Magic Dart                     Conjuration                  1
   b - Searing Ray                    Conjuration                  2
   c - Dazzling Spray                 Conjuration/Hexes            3
   d - Fulminant Prism                Conjuration/Hexes            4
   e - Iskenderun's Mystic Blast      Conjuration                  4
   f - Iskenderun's Battlesphere      Conjuration/Charms           5
Comestibles
 f - 6 bread rations
 g - 3 meat rations
 J - 3 fruits


   Skills:
 * Level 10.2 Fighting
 + Level 7.4 Long Blades
 - Level 6.4 Polearms
 * Level 7.5 Armour
 * Level 3.8 Dodging
 * Level 7.6 Shields


You had 8 spell levels left.
You didn't know any spells.

Dungeon Overview and Level Annotations

Branches:
Dungeon (8/15)             Temple (0/1) D:5
   Lair: D:8-11

Altars:
Gozag
Vehumet

Shops:
D:4 *   D:6 ?


Innate Abilities, Weirdness & Mutations

You reflexively headbutt those who attack you in melee.
You have a pair of horns on your head.


Message History

Unknown command.
You hit the yak but do no damage.
The yak is lightly wounded.
The yak gores you. The dream sheep bites you.
Unknown command.
You barely miss the yak.
The yak is lightly wounded.
The yak gores you!
* * * LOW HITPOINT WARNING * * *
The dream sheep bites you.
* * * LOW HITPOINT WARNING * * *
Unknown command.
You are too injured to fight recklessly!
The dream sheep shakes its wool and sparkles.
You feel drowsy...
You fall asleep.
A crimson imp comes into view.
The crimson imp shouts!
The dream sheep bites you!!
You wake up.
You die...
Your body crumbles into a pile of gold.

# #. #.. ##### #...
##...## #....##.....##
#...5........# ##.
#.@Y....# #.. $ #..Y....#
#.# #######.K.## #.#
.#.$...#...## #.#
.'....ā‰ˆ#....#########.#
.'.P%..#$..............
.'.%..ā‰ˆ.$...#..##..>...
.#.%..$#...###..#.)....
##Pā‰ˆP.ā‰ˆ#..##
##.#..)...


You could see a yak, a big kobold, a dream sheep and a crimson imp.

Vanquished Creatures
  Joseph (D:8)
  Grinder (D:6)
  A dream sheep (D:8)
  6 yaks
  Duvessa (D:6)
  2 orc warriors (D:8)
  2 sky beasts
  A black bear (D:7)
  An ogre (D:6)
  A big kobold (D:8)
  A wyvern zombie (D:8)
  A bullfrog (D:4)
  3 scorpions
  Dowan (D:6)
  A water moccasin skeleton (D:8)
  3 wights (D:7)
  A howler monkey (D:8)
  A crimson imp (D:7)
  A jelly (D:5)
  3 hounds
  4 orc priests
  2 iguanas
  Ijyb (D:2)
  6 worker ants
  5 orc wizards
  A hound zombie (D:8)
  8 mummies (Ossuary)
  A worker ant zombie (D:5)
  3 gnolls (D:5)
  6 adders
  8 oozes
  2 adder zombies (D:6)
  An adder skeleton (D:4)
  A worm (D:3)
  A dart slug (D:1)
  3 leopard geckos
  19 orcs
  8 giant cockroaches
  13 goblins
  7 hobgoblins
  18 jackals
  4 quokkas
  3 ball pythons (D:3)
  5 bats
  4 frilled lizards
  2 hobgoblin zombies (Ossuary)
  10 kobolds
  3 kobold zombies (Ossuary)
  3 orc zombies (Ossuary)
  12 rats
197 creatures vanquished.

Notes
Turn   | Place    | Note
-------+----------+-------------------------------------------
     0 | D:1      | Scion2EveryRL the Minotaur Fighter began the quest for the Orb.
     0 | D:1      | Reached XP level 1. HP: 19/19 MP: 0/0
     1 | D:1      | Found a runed door.
    83 | D:1      | Reached XP level 2. HP: 26/26 MP: 1/1
   369 | D:1      | Reached XP level 3. HP: 31/31 MP: 2/2
   395 | D:1      | Reached skill level 5 in Polearms
   405 | D:1      | Reached XP level 4. HP: 30/39 MP: 3/3
   506 | D:2      | Found a faded altar of an unknown god.
   659 | D:2      | Noticed Ijyb
   681 | D:2      | Killed Ijyb
   844 | D:2      | Found a radiant altar of Vehumet.
  1580 | D:3      | Reached XP level 5. HP: 45/45 MP: 4/4
  1974 | D:3      | Reached skill level 4 in Fighting
  2748 | D:4      | Reached skill level 5 in Fighting
  2767 | D:4      | Reached XP level 6. HP: 56/56 MP: 5/5
  2830 | D:4      | Found Suoxieku's Assorted Antiques.
  2884 | D:4      | Reached skill level 6 in Fighting
  3021 | D:4      | Found a sand-covered staircase.
  3028 | Ossuary  | Entered an ossuary
  3397 | D:4      | Reached XP level 7. HP: 61/64 MP: 6/6
  3531 | D:4      | Reached skill level 7 in Fighting
  3861 | D:5      | Entered Level 5 of the Dungeon
  3933 | D:5      | Found an opulent altar of Gozag.
  4012 | D:5      | Became a worshipper of Gozag Ym Sagoz the Greedy
  4124 | D:5      | Found a staircase to the Ecumenical Temple.
  4986 | D:6      | Found Ysui's Magic Scroll Shoppe.
  4992 | D:6      | Bought a scroll of blinking for 105 gold pieces
  4992 | D:6      | Bought a scroll of enchant weapon for 105 gold pieces
  4992 | D:6      | Bought a scroll of teleportation for 42 gold pieces
  5011 | D:6      | Noticed Dowan
  5014 | D:6      | Noticed Duvessa
  5027 | D:6      | Killed Dowan
  5027 | D:6      | Reached skill level 8 in Fighting
  5027 | D:6      | Reached skill level 5 in Armour
  5027 | D:6      | Reached skill level 5 in Shields
  5043 | D:6      | Killed Duvessa
  5043 | D:6      | Reached XP level 8. HP: 29/75 MP: 7/7
  5406 | D:6      | Noticed Grinder
  5436 | D:6      | Killed Grinder
  5436 | D:6      | Reached skill level 9 in Fighting
  5857 | D:7      | Reached skill level 1 in Long Blades
  6387 | D:7      | Reached skill level 5 in Long Blades
  6451 | D:7      | Reached XP level 9. HP: 60/83 MP: 8/8
  6459 | D:7      | Reached skill level 1 in Dodging
  7017 | D:8      | Noticed Joseph
  7047 | D:8      | Killed Joseph
  7180 | D:8      | Reached skill level 10 in Fighting
  7551 | D:8      | Slain by a dream sheep

Skill      XL: |  1  2  3  4  5  6  7  8  9 |
---------------+----------------------------+-----
Polearms       | 3 4 5 6 |  6.4
Fighting       | 5 6 8 9 10 | 10.2
Shields        | 4 5 7 |  7.6
Armour         | 4 5 7 |  7.5
Long Blades    | 6 7 |  7.4
Dodging        | 3 |  3.8

Action                   |  1- 3 |  4- 6 |  7- 9 || total
-------------------------+-------+-------+-------++-------
Melee: Trident           |    96 |   272 |   149 ||   517
       Headbutt          |     8 |    38 |    58 ||   104
       Falchion          |       |       |   159 ||   159
Invok: Potion Petition   |       |       |     1 ||     1
  Use: Scroll            |       |     9 |    10 ||    19
 Stab: Invisible         |       |       |     2 ||     2
  Eat: Chunk             |       |     8 |     2 ||    10
       Beef jerky        |       |       |     3 ||     3
       Pizza             |       |       |     2 ||     2
       Fruit             |       |       |     2 ||     2
       Meat ration       |       |       |     1 ||     1
Armor: Scale mail        |    36 |    46 |       ||    82
       Chain mail        |       |    50 |   104 ||   154
Dodge: Dodged            |    27 |    51 |    52 ||   130
Block: Shield            |    47 |   121 |   132 ||   300
       Rpst.: Falchion   |       |       |    10 ||    10
